 Dungeon Crawl Stone Soup version 0.32-a0-30-gefbe487952 (console) character file.

Game seed: 14729811590336147397

30443 petzl the Thaumaturge (level 13, -1/139 HPs)
             Began as a Formicid Delver on Jan 19, 2024.
             Slain by a sixfirhy (9 damage)
             ... in a Gauntlet on Jan 21, 2024.
             The game lasted 01:42:43 (19224 turns).

petzl the Thaumaturge (Formicid Delver)            Turns: 19224, Time: 01:42:44

Health: -1/139     AC: 34    Str: 24    XL:     13   Next: 88%
Magic:  4/27       EV:  2    Int: 13    God:
Gold:   1305       SH:  8    Dex: 28    Spells: 6/32 levels left

rFire   x . .        a - +3 mace {vamp, Str+7 Int-2 Dex+7}
rCold   + . .        l - +0 buckler
rNeg    . . .        D - melded +0 steam dragon scales
rPois   +            (helmet unavailable)
rElec   .            g - melded +1 cloak
rCorr   .            r - melded +0 pair of gloves
SInv    .            Z - melded +0 pair of boots
Will    +....        R - amulet of the acrobat
Stlth   ++++         G - ring of ice
HPRegen 0.43/turn    e - +6 ring of dexterity
MPRegen 0.20/turn

%: acrobat
@: ice-armoured, tree-form
A: stationary, stasis, torment immunity, boosted hp, permanent stasis, dig
shafts and tunnels, (antennae 3), four strong arms, (iridescent scales 1),
screaming 1
a: no special abilities


You were in a Gauntlet.
You were a tree.
You visited 2 branches of the dungeon, and saw 16 of its levels.
You also visited: Gauntlet.

You collected 1644 gold pieces.
You spent 339 gold pieces at shops.

Inventory:

Hand Weapons
 a - the +3 mace of a Hundred Stars (weapon) {vamp, Str+7 Int-2 Dex+7}
   (You found it on level 4 of the Dungeon)

   Str+7:     It affects your strength (+7).
   Int-2:     It affects your intelligence (-2).
   Dex+7:     It affects your dexterity (+7).
 b - a +4 orcbow of draining
 c - a +1 flail of protection
 d - a +0 dagger of venom {!f =f}
 f - a +4 great mace of protection
 w - a +2 hand axe of holy wrath {!f =f}
 V - a +0 quarterstaff of freezing
Missiles
 o - 65 poisoned darts
 E - 4 curare-tipped darts (quivered)
 M - 6 javelins
 O - 3 throwing nets
Armour
 g - a +1 cloak (melded)
 l - a +0 buckler (worn)
 r - a +0 pair of gloves (melded)
 D - +0 steam dragon scales (melded)
 Q - a scarf of repulsion
 W - a +2 robe of cold resistance
 Z - a +0 pair of boots (melded)
Jewellery
 e - a +6 ring of dexterity (right branch)
 h - a ring of resist corrosion
 x - a ring of protection from fire
 G - a ring of ice (left branch)
 R - an amulet of the acrobat (around neck)
Wands
 q - a wand of iceblast (24)
 y - a wand of mindburst (42)
 z - a wand of charming (21)
 A - a wand of digging (2)
 F - a wand of polymorph (17)
 N - a wand of flame (6)
Scrolls
 p - 4 scrolls of immolation
 t - 3 scrolls of poison
 v - 3 scrolls of fog
 I - a scroll of silence
 J - a scroll of revelation
 K - 2 scrolls of fear
 P - a scroll of vulnerability {unknown}
 T - a scroll of butterflies
 X - a scroll of amnesia
Potions
 j - a potion of enlightenment
 k - 2 potions of lignification
 n - 2 potions of curing
 s - a potion of cancellation
 C - a potion of might {unknown}


   Skills:
 - Level 6.0 Fighting
 - Level 2.0 Maces & Flails
 - Level 5.1 Ranged Weapons
 - Level 1.6 Armour
 + Level 4.6 Dodging
 - Level 6.0 Stealth
 + Level 7.6 Shields
 - Level 10.0 Spellcasting
 - Level 9.2 Conjurations
 * Level 4.2 Translocations
 - Level 3.7 Fire Magic
 - Level 8.0 Ice Magic
 - Level 6.0 Air Magic
 - Level 3.1 Earth Magic
 - Level 9.0 Alchemy
 - Level 2.0 Evocations


You had 6 spell levels left.
You knew the following spells:

 Your Spells              Type           Power      Damage    Failure   Level
a - Stone Arrow           Conj/Erth      44%        3d9       3%          3
b - Mercury Vapours       Alch/Air       52%        N/A       1%          2
c - Sting                 Conj/Alch      100%       1d9       1%          1
l - Freezing Cloud        Conj/Ice/Air   19%        6-21      14%         5
p - Passage of Golubria   Tloc           17%        N/A       22%         4
A - Ozocubu's Armour      Ice            40%        N/A       1%          3
I - Ignite Poison         Fire/Alch      23%        N/A       10%         4
T - Olgreb's Toxic Radia  Alch           29%        N/A       3%          4

Your spell library contained the following spells:

 Spells                   Type           Power      Damage    Failure   Level
 Magic Dart               Conj           100%       1d8       1%          1
 Searing Ray              Conj           60%        2d6       1%          2
 Cigotuvi's Dreadful Rot  Necr/Alch/Air  38%        N/A       2%          2
 Sandblast                Erth           28%        2d8       3%          1
 Fulminant Prism          Conj/Alch      15%        3d10      3%          4
 Iskenderun's Battlesphe  Conj           30%        2d8       8%          5
 Brom's Barrelling Bould  Conj/Erth      22%        2d4       10%         4
 Passwall                 Erth           14%        N/A       11%         3
 Summon Small Mammal      Summ           24%        N/A       13%         1
 Arcjolt                  Conj/Air       13%        1d23      16%         5
 Call Imp                 Summ           12%        N/A       19%         2
 Manifold Assault         Tloc           17%        N/A       22%         4
 Call Canine Familiar     Summ           6%         N/A       36%         3
 Fugue of the Fallen      Necr           6%         N/A       36%         3
 Tukima's Dance           Hex            6%         N/A       36%         3
 Yara's Violent Unravell  Hex/Alch       9%         3d6       50%         5
 Summon Blazeheart Golem  Fire/Summ      11%        N/A       52%         4
 Bombard                  Conj/Erth      11%        9d3       83%         6
 Plasma Beam              Fire/Air       9%         2x1d20    95%         6
 Spellforged Servitor     Conj/Summ      9%         N/A       100%        7
 Blink                    Tloc           Unusable   N/A       N/A         2
 Vhi's Electric Charge    Tloc/Air       Unusable   N/A       N/A         4

Dungeon Overview and Level Annotations

Branches:
Dungeon (12/15)            Temple (0/1) D:4            Lair (4/5) D:10
  Swamp (0/4) Lair:2        Snake (0/4) Lair:2        Slime (0/5) Lair:4
    Orc (0/2) D:11        Gauntlet (1/1)

Altars:
Cheibriados
Kikubaaqudgha
Okawaru
Qazlal
Ru
Trog
Uskayaw
Xom
Yredelemnul

Shops:
D:4 :(*:   D:12 (?

Annotations:
D:7 1 runed translucent door, ggggg's ghost, novice HuSh
D:11 exclusion: 2 downstairs Gauntlet 7 transporters


Innate Abilities, Weirdness & Mutations

You are a tree.
Your roots penetrate the ground, keeping you stationary.
You cannot be teleported.
You are immune to unholy pain and torment.
Your maximum health is greatly increased.
Your equipment is partially melded.
You cannot be hasted, slowed, berserked, paralysed or teleported.
You can dig through walls and to a lower floor.
((You have a pair of large antennae on your head. (SInv)))
Your four strong arms can wield two-handed weapons with a shield.
((You are partially covered in iridescent scales. (AC +2)))
You occasionally shout uncontrollably at your foes.


Message History

The sixfirhy is heavily wounded.
The sixfirhy hits you but does no damage. x2
You block the sixfirhy's attack. x2
The sixfirhy hits you but does no damage.
You hit the sixfirhy.
The sixfirhy is severely wounded.
The sixfirhy hits you.
* * * LOW HITPOINT WARNING * * *
The sixfirhy shocks you!
* * * LOW HITPOINT WARNING * * *
The sixfirhy hits you but does no damage.
The sixfirhy hits you.
* * * LOW HITPOINT WARNING * * *
The sixfirhy shocks you!
* * * LOW HITPOINT WARNING * * *
Throw: 6 darts (curare)
Press: ? - help, Q - select action, (/) - cycle Shift-Dir - straight line, f - sixfirhy
Aim: a sixfirhy (heavily wounded, ally target, 38% to hit)
You throw a curare-tipped dart.
The curare-tipped dart misses the sixfirhy.
Throw: 5 darts (curare)
Press: ? - help, Q - select action, (/) - cycle Shift-Dir - straight line, f/p - sixfirhy
Aim: a sixfirhy (heavily wounded, ally target, 38% to hit)
You throw a curare-tipped dart.
The curare-tipped dart barely misses the sixfirhy.
Your butterfly disappears in a burst of colours!
The sixfirhy hits you but does no damage.
You feel better.
The sixfirhy hits you but does no damage.
The sixfirhy hits you!
* * * LOW HITPOINT WARNING * * *
The sixfirhy shocks you!
* * * LOW HITPOINT WARNING * * *
The sixfirhy hits you but does no damage. x2
You feel better.
The sixfirhy hits you but does no damage. x2
The sixfirhy hits you!
* * * LOW HITPOINT WARNING * * *
The sixfirhy shocks you!
You die...

##########################
§#≈#≈#≈#≈#≈#§#≈#≈#≈#≈#≈#≈##
§........§...§............##
..........................≈#
###########..###########..##
#D..#.#...#..##9999999##..≈#
#..#..D#..#..#Y#.....#9#..##
#.##...##?#..#..#...#.)#..≈#
##..#.##..####...#.#..?#..##
#....©.#.©#©©#...©#...©#..§#
##..#.##..####...#.#..=#..## .#
#h##D..##[#..#..#...#..#..§# ...
#..#...#D.#..#.#.....#.#..###..#
#...#D#{..#..##..99Y9.##..#....#
###########..###########..#©...#
..........................#....#
........................∩.#....#
##..#########..#########..#©...#
©#..#..##...#..#bb3♣b.[#..#....#
##..#.#...###..#.##b##:#..###...
.####.#..#..#####..#..##..≈# ..#
##©©#..#©#.©#©©#b##b##©#..## ..
^####..#.†#.#####.b#..##..≈#
.#..###...#.#..#.##.##!#..##
.#..#...##..#..#.......#..§#
##..#########..#########.§##
...................§§§....≈#
.......§...........§.§....##
#≈#§#§#§#≈#≈#≈#≈#≈#§#§#§#≈#
###########################


You could see a catoblepas, a sixfirhy (ally target), 2 molten gargoyles and a
gargoyle.

Vanquished Creatures
  Fannar (Lair:2)
  A hydra (Lair:1)
  Harold (D:11)
  2 tengu warriors
  3 two-headed ogres
  Urug (D:10)
  A skyshark (Lair:2)
  A sixfirhy (Gauntlet)
  2 spriggan druids (Lair:2)
  An oklob plant (Lair:3)
  An ugly thing (D:11)
  A cyclops (D:11)
  A black mamba (Lair:2)
  8 cane toads
  A torpor snail (Lair:4)
  2 rime drakes (Lair:2)
  A kobold demonologist (D:9)
  2 unseen horrors (D:11)
  2 tengu conjurers (Gauntlet)
  2 komodo dragons (Lair:2)
  3 hornets
  2 dream sheep (Lair:4)
  A raiju (Gauntlet)
  A shadow (D:10)
  Sigmund (D:3)
  A vampire (D:11)
  48 yaks
  2 wraiths (D:9)
  A wyvern (D:11)
  A basilisk (Lair:1)
  5 steam dragons
  Edmund (D:5)
  Duvessa (D:4)
  3 nagas (Lair:2)
  5 water moccasins
  5 orc warriors
  3 black bears
  3 sky beasts
  2 ogres
  2 ice beasts
  13 wolves
  3 centaurs
  3 phantoms
  17 kobold brigands
  8 bullfrogs
  A gnoll sergeant (D:10)
  A scorpion (D:4)
  Dowan (D:4)
  6 killer bees (D:8)
  6 howler monkeys
  An electric eel (Lair:3)
  A bombardier beetle (D:6)
  A lava snake (Lair:3)
  3 hounds
  A jelly (D:5)
  5 orc priests
  A sleepcap (D:7)
  5 iguanas
  9 orc wizards
  8 gnolls
  3 adders
  A shadow imp (D:8)
  2 white imps (D:7)
  3 dart slugs
  A ribbon worm (D:4)
  31 orcs
  8 ball pythons
  11 bats
  5 endoplasms
  3 giant cockroaches
  8 goblins
  4 hobgoblins
  2 jackals (D:3)
  4 quokkas
  32 kobolds
  5 rats
343 creatures vanquished.

Vanquished Creatures (others)
  A sleepcap (D:7)
1 creature vanquished.

Grand Total: 344 creatures vanquished

Notes
Turn   | Place    | Note
-------+----------+-------------------------------------------
     0 | D:5      | petzl the Formicid Delver began the quest for the Orb.
     0 | D:5      | Reached XP level 1. HP: 18/18 MP: 1/1
     2 | D:5      | Noticed an iguana
   257 | D:4      | Noticed Duvessa
   257 | D:4      | Noticed Dowan
   257 | D:4      | Found Duell's General Store.
   257 | D:4      | Found a staircase to the Ecumenical Temple.
   286 | D:4      | Found Ytao's Book Boutique.
   296 | D:4      | Found Elad's Weapon Emporium.
   360 | D:4      | Noticed a scorpion
   402 | D:2      | Reached skill level 1 in Spellcasting
   402 | D:2      | Reached XP level 2. HP: 21/24 MP: 2/4
   404 | D:2      | Learned a level 1 spell: Sting
   443 | D:2      | Reached skill level 2 in Spellcasting
   545 | D:1      | Reached XP level 3. HP: 29/29 MP: 6/6
   578 | D:1      | Reached skill level 1 in Alchemy
   645 | D:1      | Found a faded altar of an unknown god.
  1566 | D:2      | Reached skill level 1 in Conjurations
  1649 | D:2      | Reached XP level 4. HP: 32/35 MP: 7/7
  2067 | D:3      | Found a stormy altar of Qazlal.
  2168 | D:3      | Noticed Sigmund
  2329 | D:4      | Bought a +0 shortbow for 39 gold pieces
  2381 | D:4      | Found an ancient bone altar of Kikubaaqudgha.
  2462 | D:4      | Identified the +3 mace of a Hundred Stars {vamp, Str+7
                  | Int-2 Dex+7}
  2466 | D:4      | Noticed a phantom
  2475 | D:4      | Killed a phantom
  2476 | D:4      | Reached skill level 1 in Ranged Weapons
  2476 | D:4      | Reached XP level 5. HP: 33/41 MP: 9/9
  2594 | D:4      | Reached skill level 1 in Evocations
  2607 | D:4      | Noticed a black bear
  2608 | D:4      | Reached skill level 3 in Spellcasting
  2608 | D:4      | Reached XP level 6. HP: 46/47 MP: 10/10
  2620 | D:4      | Learned a level 2 spell: Mercury Vapours
  2625 | D:4      | Learned a level 4 spell: Olgreb's Toxic Radiance
  2653 | D:4      | Found Qoeh's Book Shop.
  2834 | D:4      | Killed Dowan
  2980 | D:5      | Noticed Edmund
  2991 | D:5      | Reached XP level 7. HP: 53/53 MP: 4/11
  3007 | D:5      | Killed Edmund
  3102 | D:5      | Identified a scroll of acquirement
  3162 | D:5      | Found a basalt altar of Yredelemnul.
  3162 | D:5      | Found a hide-covered altar of Uskayaw.
  3172 | D:5      | Found a faded altar of an unknown god.
  3174 | D:5      | Found a faded altar of an unknown god.
  3175 | D:5      | Found a bloodstained altar of Trog.
  3210 | D:5      | Reached skill level 1 in Air Magic
  3447 | D:5      | Reached skill level 5 in Alchemy
  3497 | D:5      | Reached XP level 8. HP: 60/60 MP: 13/13
  3789 | D:6      | Learned a level 4 spell: Ignite Poison
  3793 | D:6      | Learned a level 3 spell: Ozocubu's Armour
  3926 | D:6      | Reached skill level 4 in Spellcasting
  4287 | D:6      | Reached skill level 1 in Fire Magic
  4511 | D:6      | Reached skill level 1 in Shields
  5014 | D:6      | Reached XP level 9. HP: 37/65 MP: 13/16
  5191 | D:7      | Noticed ggggg's ghost (novice HuSh)
  5218 | D:7      | Reached skill level 5 in Spellcasting
  6347 | D:7      | Found a runed translucent door.
  6482 | D:7      | Reached skill level 6 in Spellcasting
  6482 | D:7      | Reached XP level 10. HP: 30/71 MP: 1/19
  6502 | D:7      | You fall into a shaft and drop 3 floors!
  6502 | D:10     | Entered Level 10 of the Dungeon
  7239 | D:7      | Reached skill level 1 in Armour
  7267 | D:7      | Reached skill level 5 in Ranged Weapons
  7556 | D:4      | You fall into a shaft and drop 3 floors!
  7685 | D:4      | Killed Duvessa
  8051 | D:3      | Learned a level 3 spell: Stone Arrow
  8073 | D:3      | Found an iron altar of Okawaru.
  8079 | D:3      | Killed Sigmund
  8608 | D:4      | Acquired 899 gold pieces
  8610 | D:4      | Bought Great Wizards, Vol. VII for 300 gold pieces
  8615 | D:4      | Gained mutation: You occasionally shout uncontrollably at
                  | your foes. [potion of mutation]
  8615 | D:4      | Gained mutation: You are partially covered in iridescent
                  | scales. (AC +2) [potion of mutation]
  8741 | D:6      | You fall into a shaft and drop 3 floors!
  8930 | D:8      | You fall into a shaft and drop 3 floors!
  9163 | D:11     | Noticed a brown ugly thing
  9171 | D:10     | Noticed a tengu warrior
  9185 | D:10     | Reached skill level 7 in Spellcasting
  9185 | D:10     | Reached skill level 1 in Ice Magic
  9201 | D:10     | Reached skill level 1 in Earth Magic
  9256 | D:10     | Killed a tengu warrior
  9257 | D:10     | Reached skill level 5 in Conjurations
  9257 | D:10     | Reached XP level 11. HP: 61/78 MP: 6/21
  9375 | D:10     | Found a staircase to the Lair.
  9626 | D:10     | Reached skill level 5 in Shields
 10274 | D:7      | Found a snail-covered altar of Cheibriados.
 10529 | D:7      | Found a sacrificial altar of Ru.
 10599 | D:7      | Learned a level 5 spell: Freezing Cloud
 11520 | D:9      | Reached skill level 5 in Air Magic
 11521 | D:9      | Reached skill level 8 in Spellcasting
 12139 | D:9      | Noticed a two-headed ogre
 12161 | D:9      | Killed a two-headed ogre
 12162 | D:9      | Reached skill level 5 in Ice Magic
 12162 | D:9      | Reached XP level 12. HP: 79/84 MP: 9/24
 12615 | D:10     | Noticed Urug
 12622 | D:10     | Killed Urug
 12765 | D:10     | Found a shimmering altar of Xom.
 13128 | D:10     | Found the +18 Lear's hauberk
 13269 | D:11     | Found a staircase to the Orcish Mines.
 13477 | D:11     | Noticed Harold
 13484 | D:11     | Killed Harold
 13629 | D:11     | Noticed a two-headed ogre
 13633 | D:11     | Killed a two-headed ogre
 13634 | D:11     | Reached skill level 9 in Spellcasting
 14483 | D:11     | Noticed a two-headed ogre
 14497 | D:11     | Killed a two-headed ogre
 14833 | D:12     | Found Xoenoic's Weapon Emporium.
 14836 | D:12     | Found Habaem's Magic Scroll Boutique.
 14893 | Lair:1   | Entered Level 1 of the Lair of Beasts
 14909 | Lair:1   | Noticed a five-headed hydra
 14912 | Lair:1   | Killed a five-headed hydra
 15022 | Lair:2   | Noticed a skyshark
 15027 | Lair:2   | Killed a skyshark
 15028 | Lair:2   | Reached XP level 13. HP: 89/89 MP: 2/26
 15383 | Lair:1   | Reached skill level 10 in Spellcasting
 16174 | Lair:2   | Learned a level 4 spell: Passage of Golubria
 16472 | Lair:2   | Reached skill level 1 in Translocations
 16479 | Lair:2   | Reached skill level 5 in Fighting
 16658 | Lair:2   | Found a staircase to the Swamp.
 16688 | Lair:2   | Found a staircase to the Snake Pit.
 17195 | Lair:3   | Noticed Fannar
 17693 | Lair:2   | Killed Fannar
 18069 | Lair:3   | Noticed an ice dragon
 18543 | Lair:4   | Found a gate leading to a gauntlet.
 18788 | Gauntlet | Entered a Gauntlet
 18788 | Gauntlet | Found a transporter.
 18788 | Gauntlet | Found a transporter.
 18802 | Gauntlet | Found a transporter.
 18810 | Gauntlet | Found a transporter.
 18813 | Gauntlet | Found a transporter.
 18821 | Gauntlet | Found a transporter.
 18839 | Gauntlet | Found a transporter.
 18840 | Gauntlet | Noticed a catoblepas
 18856 | Gauntlet | Found a transporter.
 18859 | Gauntlet | Found a transporter.
 18869 | Gauntlet | Found a transporter.
 18872 | Gauntlet | Found a transporter.
 18872 | Gauntlet | Found the necklace of Bloodlust {Fury *Rage Will++ Int-3
                  | Slay+6}
 18908 | Gauntlet | Found a transporter.
 19224 | Gauntlet | Slain by a sixfirhy

Illustrated notes

Levels and vault maps discovered:
D:1:      psy_arrival_basics, layout_basic, nicolae_ecumenical_lake_church
D:2:      layout_loops_ring
D:3:      layout_loops_ring, kennysheep_okawaru_gauntlet, lemuel_round_altar,
          uniq_sigmund
D:4:      layout_cave_pools, nicolae_overflow_hidden_temple,
          minmay_temple_entry_water_ring, serial_shops,
          nicolae_shop_pleasant_corner_grove, nicolae_shop_gibbet_a_chance,
          nicolae_book_shop_shelving, shop, nicolae_kite_square_tiling_tiny,
          uniq_duvessa
D:5:      layout_cave_pools, chequers_temple_overflow_minitemple, st_stairs_6,
          uniq_edmund
D:6:      layout_loops_ring, serial_glass, glass_columns_a, glass_columns_a,
          glass_columns_a, glass_columns_b, glass_columns_a,
          minmay_strange_pillars, due_unseen_surprise
D:7:      layout_basic, nicolae_ru_the_path_less_chosen,
          mainiacjoe_overflow_concentric_impassable,
          hellmonk_ghost_happy_afterlife
D:8:      minmay_angry_zag, layout_basic
D:9:      layout_roguey [special_room_kobold]
D:10:     layout_rooms, regret_index_xom_buried_treasure, dpeg_oklobed_lair,
          hellmonk_guarded_unrand_lears, uniq_urug
D:11:     layout_cave_pods, minmay_orc_entry_temple_small, uniq_harold
D:12:     layout_rooms, serial_shops, shop, nicolae_shop_crystal, shop, shop,
          shop_statue, st_stairs_8, minmay_tree_intersection
Lair:1:   layout_hall_layers
Lair:2:   layout_small_grid, mainiacjoe_swamp_entry_angry_trees,
          nicolae_snake_entry_squirm, grunt_forest_large_clearings
Lair:3:   dragon1_lemuel, layout_gridlike, uniq_fannar
Lair:4:   layout_gridlike, dpeg_slime_entry_enclosed, gauntlet_entry_generic,
          minmay_lindwurm_lava
Gauntlet: minmay_gauntlet_mixed_big_or_small [gammafunk_gauntlet_arena_split_x,
          minmay_gauntlet_arena_77_radiant_squares,
          gammafunk_gauntlet_arena_chambers, minmay_gauntlet_arena_77_squiggly,
          nicolae_gauntlet_arena_x, minmay_gauntlet_arena_77_braids,
          nicolae_gauntlet_exit_dead_adventurers]

Skill      XL: |  1  2  3  4  5  6  7  8  9 10 11 12 13 |
---------------+----------------------------------------+-----
Spellcasting   | 1 2 3 4 6 7 8 9 10 | 10.0
Alchemy        | 1 2 3 5 6 8 9 |  9.0
Conjurations   | 1 2 3 4 5 6 8 9 |  9.2
Ranged Weapons | 1 2 3 4 5 |  5.1
Dodging        | 2 4 |  4.6
Evocations     | 1 2 |  2.0
Air Magic      | 1 2 3 5 6 |  6.0
Fire Magic     | 1 3 |  3.7
Shields        | 1 3 4 5 7 |  7.6
Fighting       | 4 6 |  6.0
Armour         | 1 |  1.6
Ice Magic      | 2 5 7 8 |  8.0
Earth Magic    | 1 3 |  3.1
Translocations | 4 |  4.2
Maces & Flails | |  2.0
Stealth        | |  6.0

Action                     |  1- 3 |  4- 6 |  7- 9 | 10-12 | 13-15 || total
---------------------------+-------+-------+-------+-------+-------++-------
  Melee: Mace              |    68 |    43 |   118 |    81 |    39 ||   349
         Quarterstaff      |       |     7 |       |       |       ||     7
         Punch             |       |     1 |       |       |       ||     1
         Hand axe          |       |       |       |    35 |       ||    35
         Whip              |       |       |       |     7 |       ||     7
   Fire: Shortbow          |       |    31 |    83 |   126 |       ||   240
         Orcbow            |       |       |       |    50 |    79 ||   129
  Throw: Dart              |       |       |       |     4 |     6 ||    10
   Cast: Mercury Vapours   |       |     7 |    19 |       |       ||    26
         Sting             |       |     2 |    14 |       |       ||    16
         Olgreb's Toxic Ra |       |       |    16 |    64 |    16 ||    96
         Ignite Poison     |       |       |     1 |    44 |    14 ||    59
         Stone Arrow       |       |       |       |     1 |     1 ||     2
         Freezing Cloud    |       |       |       |    15 |    38 ||    53
         Ozocubu's Armour  |       |       |       |     1 |     3 ||     4
Ability: Dig               |       |     1 |     1 |     2 |       ||     4
         Shaft Self        |       |       |     1 |     4 |       ||     5
  Evoke: Wand              |       |       |     4 |     4 |       ||     8
    Use: Scroll            |       |       |     7 |    11 |     6 ||    24
         Potion            |       |       |       |     6 |     8 ||    14
   Stab: Sleeping          |     9 |     4 |     2 |     1 |       ||    16
         Distracted        |       |       |       |     1 |       ||     1
 Armour: Leather armour    |    38 |    39 |    90 |    13 |       ||   180
         Steam dragon scal |       |       |       |   111 |    75 ||   186
         Skin              |       |       |       |       |    23 ||    23
  Dodge: Dodged            |    40 |    43 |    72 |   106 |    52 ||   313
  Block: Buckler           |       |       |    22 |    72 |    33 ||   127

Table legend: (Time is in decaauts)
 A = Elapsed time spent in this place.
 B = Non-inter-level travel time spent in this place.
 C = Inter-level travel time spent in this place.
 D = Time resting spent in this place.
 E = Time spent auto-exploring this place.
 F = Levels seen in this place.
 G = Mean time per level.
                   A        B        C        D        E       F      G
               +--------+--------+--------+--------+--------+-----+--------+
         Total |  19406 |  18409 |    997 |   6308 |   7038 |  17 | 1141.5 |
       Dungeon |  15040 |  14181 |    859 |   4589 |   5729 |  12 | 1253.3 |
          Lair |   3927 |   3789 |    138 |   1553 |   1193 |   4 |  981.8 |
      Gauntlet |    437 |    437 |      0 |    166 |    116 |   1 |  437.0 |
               +--------+--------+--------+--------+--------+-----+--------+

Top non-repeatable levels by time:
     D:6: 2097 daAuts
  Lair:2: 1829 daAuts
     D:7: 1791 daAuts
    D:11: 1766 daAuts
     D:8: 1629 daAuts
    D:10: 1578 daAuts
     D:9: 1343 daAuts
     D:5: 1169 daAuts
     D:4: 1038 daAuts
  Lair:3: 1012 daAuts
  Lair:1: 953 daAuts
     D:3: 930 daAuts
     D:1: 864 daAuts
     D:2: 812 daAuts
Gauntlet: 437 daAuts
